 Dungeon Crawl Stone Soup version 0.29.1-12-g30fa7ad0bf (webtiles) character file.

Game seed: 5771895502033788027

1836709 FexLirch the Minotaur Porcupine (level 26, 266/266 HPs)
             Began as a Minotaur Berserker on Dec 24, 2022.
             Was the Champion of Trog.
             Escaped with the Orb
             ... and 3 runes!
             The game lasted 03:04:07 (56828 turns).

FexLirch the Minotaur Porcupine (MiBe)             Turns: 56828, Time: 03:04:08

Health: 266/266    AC: 42    Str: 32 (33) XL:     26   Next: 10%
Magic:  22/22      EV: 14    Int:  5 (6)  God:    Trog [******]
Gold:   2897       SH:  0    Dex: 12      Spells: 25/25 levels left

rFire   + . .      SeeInvis +   J - +5 lochaber axe {reach-cleave, poleaxe}
rCold   + . .      Faith    .   (shield currently unavailable)
rNeg    . . .      Spirit   .   v - +3 gold dragon scales
rPois   +          Reflect  .   F - +2 hat
rElec   +          Harm     .   S - +2 cloak {rCorr}
rCorr   +          Rampage  .   X - +1 pair of gloves "Houcw" {-Cast rElec Str+5 Slay+3}
Will    ++...      NoCast   +   W - +2 pair of boots {Fly}
Stlth   ..........              n - amulet of regeneration
HPRegen 1.34/turn               U - ring of see invisible
MPRegen 0.18/turn               M - ring of willpower

@: flying, hasted, very quick
A: horns 2, retaliatory headbutt, deterioration 1, mutation resistance 1, weak
1, subdued magic 1
0: Orb of Zot
}: 3/15 runes: barnacled, slimy, gossamer
a: Renounce Religion, Berserk, Trog's Hand, Brothers in Arms


You escaped.
You worshipped Trog.
Trog was exalted by your worship.
You visited 10 branches of the dungeon, and saw 50 of its levels.
You visited 2 bazaars.
You also visited: Gauntlet and Ice Cave.

You collected 6106 gold pieces.
You spent 3209 gold pieces at shops.

Inventory:

Hand Weapons
 g - the +5 quarterstaff of the Valley of Death {spect, rN++ Will++ Str-2}
   (You found it on level 3 of the Shoals)

   When its wielder attacks, the weapon's spirit leaps out and strikes again.
   The spirit shares a part of any damage it takes with its wielder.
   Str:       It affects your strength (-2).
   rN:        It greatly protects you from negative energy.
   Will:      It greatly increases your willpower.
 w - the +10 battleaxe "Killer Klown's Peril" {flame, rElec rN+ rCorr Dex+6}
   (Trog gifted it to you on level 3 of the Depths)

   It burns those it strikes, dealing additional fire damage.
   Big, fiery blades are also staple armaments of hydra-hunters.
   Dex:       It affects your dexterity (+6).
   rElec:     It insulates you from electricity.
   rN:        It protects you from negative energy.
   rCorr:     It protects you from acid and corrosion.
 J - the +5 lochaber axe (weapon) {reach-cleave, poleaxe}
   (You bought it in a shop on level 5 of the Dungeon)

   It can be evoked to extend its reach, and strikes at all foes within reach,
   dealing less damage to those not targeted.
   It uses either Axes or Polearms skill, whichever is higher.
 T - a +4 antimagic executioner's axe
Missiles
 V - 5 throwing nets (quivered)
Armour
 v - +3 gold dragon scales (worn)
 F - a +2 hat (worn)
 S - a +2 cloak of preservation (worn)
 W - a +2 pair of boots of flying (worn)
 X - the +1 pair of gloves "Houcw" (worn) {-Cast rElec Str+5 Slay+3}
   (You found it on level 4 of the Spider Nest)

   Str:       It affects your strength (+5).
   Slay:      It affects your accuracy & damage with ranged weapons and melee
   (+3).
   rElec:     It insulates you from electricity.
   -Cast:     It prevents spellcasting.
Jewellery
 a - the ring "Kiqoqoapp" {rF+ Slay+4}
   (You acquired it on level 5 of the Pits of Slime)

   [ring of slaying]

   Slay:      It affects your accuracy & damage with ranged weapons and melee
   (+4).
   rF:        It protects you from fire.
 b - a ring of protection from cold
 c - the ring of the Will of the Gods {rElec rPois rN+ Int+4 Dex+6}
   (You took it off a naga warrior on level 3 of the Depths)

   [ring of dexterity]

   Int:       It affects your intelligence (+4).
   Dex:       It affects your dexterity (+6).
   rElec:     It insulates you from electricity.
   rPois:     It protects you from poison.
   rN:        It protects you from negative energy.
 n - an amulet of regeneration (around neck)
 M - a ring of willpower (right hand)
 N - a ring of protection from fire
 P - a ring of resist corrosion
 Q - a ring of flight
 U - a ring of see invisible (left hand)
 Z - an amulet of reflection
Wands
 e - a wand of mindburst (10)
 m - a wand of digging (13)
 p - a wand of paralysis (42)
 s - a wand of flame (75)
 y - a wand of quicksilver (25)
 O - a wand of iceblast (17)
 R - a wand of polymorph (37)
Scrolls
 f - 10 scrolls of butterflies
 u - 21 scrolls of teleportation
 z - 6 scrolls of silence
 A - 11 scrolls of immolation
 B - 3 scrolls of magic mapping
 C - 11 scrolls of fear
 H - 3 scrolls of torment
 K - 5 scrolls of blinking
Potions
 d - 12 potions of mutation
 h - a potion of berserk rage
 j - 9 potions of lignification
 k - 24 potions of curing
 q - 2 potions of cancellation
 r - 6 potions of invisibility
 t - 5 potions of resistance
 x - 12 potions of might
 E - 2 potions of haste
 G - a potion of heal wounds
 I - 14 potions of attraction
 L - 8 potions of magic
 Y - 5 potions of ambrosia
Miscellaneous
 i - a phial of floods
 l - a phantom mirror


   Skills:
 O Level 27 Fighting
 - Level 20.0(26.0) Axes
 - Level 5.8(14.3) Maces & Flails
 O Level 27 Polearms
 + Level 25.3 Armour
 + Level 18.7 Dodging
 + Level 7.1 Unarmed Combat
 + Level 17.1 Evocations


You had 25 spell levels left.
You didn't know any spells.
Your spell library was empty.

Dungeon Overview and Level Annotations

Branches:
Dungeon (15/15)            Temple (0/1) D:6            Lair (5/5) D:10
 Shoals (4/4) Lair:3       Spider (4/4) Lair:2        Slime (5/5) Lair:4
    Orc (2/2) D:9             Elf (2/3) Orc:2        Vaults (4/5) D:14
  Crypt (0/3) Vaults:2     Depths (4/4) D:15            Zot (5/5) Depths:4
  IceCv (visited)         Gauntlet (visited)

Altars:
Fedhas
Makhleb
Trog
Wu Jian
Zin

Shops:
D:4 **   D:5 (   D:8 :   D:12 *   D:13 (   Orc:1 =([:=   Orc:2 ((?[
Elf:2 ([*((   Shoals:2 (   Shoals:4 (   Vaults:1 [   Vaults:3 *   Depths:4 *=(

Portals:
Hell: Lair:5 Depths:1 Depths:2 Depths:3 Depths:4
Abyss: Depths:3 Depths:4
Pandemonium: Depths:1 Depths:2 Depths:3
Ziggurat: Depths:4

Annotations:
D:14 2 transporters, Cown's ghost, journeyman TrHu
Spider:2 3 runed translucent doors, Tegybos Rei's ghost, journeyman FeSu
Zot:3 1 runed translucent door, Heisao's ghost, legendary TrBe
Zot:5 1 exclusion


Innate Abilities, Weirdness & Mutations

You have a pair of horns on your head.
You reflexively headbutt those who attack you in melee.
Your body sometimes deteriorates upon taking damage.
You are somewhat resistant to further mutation.
You are weak. (Str -2)
Your spells are a little easier to cast, but a little less powerful.


Message History

There is a stone staircase leading down here.
As you read the scroll of butterflies, it crumbles to dust.
You hear the tinkle of a tiny bell.
The Ice Fiend gestures at you. The bolt of cold misses your butterfly.
The bolt of cold hits you. You resist. The bolt of cold hits your butterfly!!!
Your butterfly dies!
Your butterfly disappears in a burst of colours!
The bolt of cold hits your butterfly!!!
Your butterfly dies!
Your butterfly disappears in a burst of colours!
You swap places.
Something claws your butterfly!!
Your butterfly dies!
Your butterfly disappears in a burst of colours!
Your surroundings suddenly seem different.
HP restored.
There is a stone staircase leading up here.
You fly upwards.
There is a stone staircase leading down here.
(D) Dungeon (T) Temple (L) Lair (A) Shoals (N) Spider Nest (M) Slime Pits (O) Orcish Mines (E) Elven Halls (V) Vaults (C) Crypt (U) Depths (H) Hell (Z) Zot
Where to? (Enter - D:2 @ (x,y), ? - help)
What level of the Dungeon? (default 1, ? - help)
Okay, then.
Unknown command.
You feel yourself speed up.
(D) Dungeon (T) Temple (L) Lair (A) Shoals (N) Spider Nest (M) Slime Pits (O) Orcish Mines (E) Elven Halls (V) Vaults (C) Crypt (U) Depths (H) Hell (Z) Zot
Where to? (Enter - D:2 @ (x,y), ? - help)
What level of the Dungeon? (default 1, ? - help)
There is an open door here.
You reach down and open the door.
There is an open door here.
There is an open door here.
There is a staircase leading out of the dungeon here.
You have escaped!

#..########.#.## #.# #~~~.##
#....#########.# ~~~#..#
#.....#.....##.# ~..##.#
#....##.....##.# .~.~~~#
#..............# ~~~~+.#
##.....##...#### ...~+~#
##.##'##...# ~.~.+~# #.#...#####
~~..#~# #.+.@.#
~~~##.#########...#
~###~~.....#####+##
~.....#.##.##.##.# ###
#~....#.##.##....# #..
..#.....##.##.#### #.#
#.............######## #.#
##.#..#.##.#.........# #.#
##.#..#.##......####.##########.#


There were no monsters in sight!

Vanquished Creatures
  the Royal Jelly (Slime:5)
  4 ancient liches (Zot:5)
  4 dread liches (Zot:5)
  3 orbs of fire
  A juggernaut (Depths:3)
  3 Killer Klowns
  A caustic shrike (Depths:3)
  A curse toe (Zot:4)
  6 golden dragons
  A profane servitor (Depths:1)
  the Enchantress (Depths:2)
  2 electric golems
  Zenata (Vaults:4)
  A walking crystal tome (Depths:3)
  10 tentacled monstrosities
  2 Ice Fiends
  A walking earthen tome (Depths:3)
  23 Orb Guardians
  Asterion (Elf:2)
  A walking divine tome (Depths:3)
  13 acid blobs
  5 quicksilver dragons
  The ghost of mortz the Devastator, an adept DgCj (Spider:4)
  3 krakens
  8 sphinxes
  14 death cobs
  Frances (D:12)
  7 storm dragons
  Gastronok (D:12)
  Kirke (Elf:1)
  7 shadow dragons
  7 nagarajas (Depths:3)
  A tengu reaver (Depths:1)
  A fenstrider witch (shapeshifter) (D:13)
  5 draconian knights
  9 rockslimes (Slime:5)
  2 deep elf sorcerers
  6 fire giants
  6 frost giants
  6 draconian monks
  7 emperor scorpions
  8 azure jellies
  11 ghost moths
  5 draconian scorchers
  12 vault wardens
  16 ironbound preservers
  A balrug (Depths:1)
  4 draconian annihilators
  6 draconian shifters
  9 quicksilver oozes
  2 broodmothers
  6 draconian stormcallers
  13 green draconians
  9 ironbound thunderhulks
  5 spriggan defenders (Depths:2)
  12 stone giants
  13 very ugly things
  2 vampire knights
  A reaper (IceCv)
  8 black draconians
  A deep elf demonologist (Elf:1)
  2 lorocyprocas (Depths:3)
  8 entropy weavers
  14 yellow draconians
  2 pale draconians (Depths:4)
  7 red draconians
  10 dire elephants
  9 white draconians
  3 spark wasps
  10 purple draconians
  A minotaur (Gauntlet)
  A deep elf death mage (Vaults:2)
  7 ettins
  Josephine (Lair:3)
  2 crystal guardians (Vaults:2)
  13 merfolk impalers
  6 merfolk javelineers
  13 yaktaur captains
  9 great orbs of eyes
  9 fire dragons
  11 boulder beetles
  5 rakshasas
  5 ice dragons
  10 hydras
  A hell beast (Gauntlet)
  2 peacekeepers
  7 spriggan air magi
  3 alligator snapping turtles
  8 vault guards
  6 anacondas
  5 ogre magi
  4 radroaches
  2 death knights
  5 merfolk aquamancers
  24 two-headed ogres
  5 merfolk avatars
  52 slime creatures
  13 naga warriors (Depths:3)
  6 ironbound frosthearts
  Erica (Orc:1)
  4 deep troll shamans
  11 centaur warriors
  26 dancing weapons
  4 satyrs
  An orc high priest (Orc:1)
  8 spriggan berserkers
  6 tengu warriors
  11 death yaks
  5 deep troll earth magi
  10 deep elf knights
  3 sun demons (Depths:1)
  A soul eater (Depths:3)
  8 hell knights
  39 spriggans (Depths:2)
  7 iron trolls
  3 sun moths
  4 pharaoh ants
  56 deep trolls
  12 sea snakes
  3 sixfirhies
  9 steelbarb worms
  12 orb spiders
  8 deep elf archers
  2 glowing orange brains
  3 swamp dragons (Depths:4)
  A flayed ghost (Depths:3)
  7 spriggan druids (Depths:2)
  12 wizards
  14 lindwurms
  A frost giant zombie (Vaults:4)
  14 harpies
  3 orc knights
  9 ironbound convokers
  2 orc sorcerers
  30 ugly things
  3 human zombies (Vaults:3)
  21 deep elf pyromancers
  25 deep elf zephyrmancers
  3 necromancers
  24 wolf spiders
  22 fauns
  A shining eye (Slime:5)
  A stone giant zombie (Vaults:4)
  14 manticores
  5 cyclopes
  27 moths of wrath
  12 elephants
  Maurice (D:12)
  A black mamba (shapeshifter) (D:15)
  4 black mambas
  A guardian serpent (Depths:3)
  15 merfolk sirens
  13 vault sentinels
  4 water nymphs
  2 eyes of devastation (Slime:5)
  A human skeleton (Vaults:3)
  4 naga magi (Depths:3)
  5 torpor snails
  An unseen horror (shapeshifter) (D:15)
  11 cane toads
  Maggie (D:6)
  The ghost of coldfrog the Stinger, a novice DrVM of Sif Muna (D:6)
  An elf zombie (Vaults:4)
  5 efreet
  23 yaktaurs
  7 rime drakes
  3 freezing wraiths
  3 demonic crawlers (Spider:2)
  A rime drake (shapeshifter) (Elf:1)
  9 tengu conjurers
  10 ice devils
  10 komodo dragons
  3 hellwings
  41 merfolk
  3 trolls
  3 red devils
  23 hornets
  A queen bee (shapeshifter) (D:14)
  A tyrant leech (Gauntlet)
  6 wind drakes
  10 blink frogs
  28 tarantellas
  3 dream sheep (Shoals:4)
  3 polar bears
  17 snapping turtles
  A raiju (shapeshifter) (D:14)
  A stone giant simulacrum (Vaults:4)
  5 air elementals
  21 culicivoras
  32 jumping spiders
  2 centaur simulacra (D:10)
  A dire elephant simulacrum (IceCv)
  2 shadows (D:10)
  A ynoxinul (Zot:5)
  14 water elementals
  2 wyverns
  Eustachio (D:4)
  3 basilisks
  4 hogs (Elf:1)
  11 wraiths
  50 yaks
  3 death yak simulacra (IceCv)
  63 redbacks
  A neqoxec (Depths:3)
  6 steam dragons
  A chaos spawn (Depths:3)
  Edmund (D:4)
  15 vampire mosquitoes
  A naga (Depths:3)
  2 swamp worms (Gauntlet)
  2 wargs
  14 water moccasins
  6 hell hounds
  3 hydra simulacra (IceCv)
  Duvessa (D:5)
  A black bear (D:5)
  2 ice beasts
  2 sky beasts
  13 orc warriors
  30 ogres
  6 wolves
  3 centaurs (D:9)
  3 phantoms
  The ghost of wormed the Cutter, an amateur KoMo (D:3)
  3 kobold brigands
  9 bullfrogs
  Blork the orc (D:4)
  8 scorpions
  A necrophage (D:6)
  3 two-headed ogre simulacra (IceCv)
  A gnoll sergeant (D:12)
  4 earth elementals
  12 wights
  Dowan (D:5)
  An elephant simulacrum (IceCv)
  18 killer bees
  4 electric eels
  2 howler monkeys (D:5)
  7 hounds
  13 orc priests
  Crazy Yiuf (D:6)
  A jelly (D:5)
  Jessica (D:2)
  Natasha (thrice) (D:4)
  Terence (D:2)
  3 iguanas
  A polar bear simulacrum (IceCv)
  2 hell rats (D:10)
  14 orc wizards
  2 spriggan simulacra (IceCv)
  A troll simulacrum (IceCv)
  A wolf simulacrum (IceCv)
  4 human simulacra
  6 gnolls
  8 adders
  3 naga simulacra (IceCv)
  A river rat (D:10)
  A shadow imp (D:5)
  16 white imps
  2 ufetubi
  2 worms
  2 dart slugs
  54 orcs
  13 ball pythons
  5 bats
  7 endoplasms
  5 giant cockroaches
  10 goblins
  5 hobgoblins
  3 jackals
  20 kobolds
  3 quokkas
  7 frilled lizards
  10 rats
  A spectral hobgoblin (D:1)
  A butterfly (Lair:1)
  12 tentacles
2062 creatures vanquished.

Vanquished Creatures (collateral kills)
  A juggernaut (Depths:4)
  A Killer Klown (Zot:5)
  An electric golem (Zot:5)
  4 Orb Guardians (Zot:5)
  An acid blob (Slime:5)
  The ghost of Kare Xaoge the Bludgeoner, an adept DgTm (Vaults:4)
  2 quicksilver dragons
  A shadow dragon (Depths:3)
  An emperor scorpion (Spider:4)
  3 ghost moths
  A draconian stormcaller (Zot:2)
  An ironbound preserver (Vaults:3)
  A black draconian (Zot:2)
  A deep elf demonologist (Vaults:3)
  A merfolk impaler (Shoals:4)
  A yaktaur captain (Vaults:3)
  A naga warrior (Depths:3)
  2 dancing weapons (Elf:2)
  Sonja (Lair:3)
  A deep elf knight (Elf:2)
  A steelbarb worm (Spider:4)
  2 orb spiders (Spider:4)
  A kraken simulacrum (Shoals:4)
  A glowing orange brain (Depths:3)
  3 deep elf pyromancers
  5 deep elf zephyrmancers
  3 wolf spiders (Spider:1)
  A guardian serpent (Depths:3)
  A tarantella (Spider:4)
  A blink frog (Lair:3)
  A jumping spider (Spider:4)
  A spriggan (Depths:2)
  8 redbacks
  An orc warrior (Orc:1)
  An orc priest (Orc:1)
  An orc wizard (Orc:1)
  A troll simulacrum (IceCv)
  2 orcs (Orc:1)
  A tentacle (Shoals:4)
63 creatures vanquished.

Vanquished Creatures (others)
  An ancient lich (Zot:5)
  A fire dragon (Depths:4)
  A moth of wrath (Zot:4)
  20 fungi
  101 plants
  5 tentacles
  2 withered plants (D:3)
131 creatures vanquished.

Grand Total: 2256 creatures vanquished

Notes
Turn   | Place    | Note
-------+----------+-------------------------------------------
     0 | D:1      | FexLirch the Minotaur Berserker began the quest for the
                  | Orb.
     0 | D:1      | Reached XP level 1. HP: 19/19 MP: 0/0
    23 | D:1      | Found a faded altar of an unknown god.
   372 | D:1      | Reached XP level 2. HP: 27/27 MP: 1/1
  1352 | D:2      | Reached XP level 3. HP: 32/33 MP: 2/2
  1408 | D:2      | Noticed Terence
  1411 | D:2      | Noticed Jessica
  1413 | D:2      | Killed Jessica
  1414 | D:2      | Reached skill level 5 in Axes
  1415 | D:2      | Killed Terence
  1415 | D:2      | Reached ** piety under Trog
  1416 | D:2      | Reached XP level 4. HP: 34/41 MP: 3/3
  2477 | D:3      | Found a runed translucent door.
  2478 | D:3      | Noticed wormed's ghost (amateur KoMo)
  2534 | D:3      | Reached skill level 5 in Fighting
  2534 | D:3      | Reached XP level 5. HP: 48/48 MP: 4/4
  3068 | D:3      | Killed wormed's ghost
  3211 | D:4      | Noticed Blork the orc
  3223 | D:4      | Killed Blork the orc
  3224 | D:4      | Reached XP level 6. HP: 56/56 MP: 5/5
  3560 | D:4      | Noticed Eustachio
  3572 | D:4      | Killed Eustachio
  3573 | D:4      | Reached XP level 7. HP: 64/64 MP: 6/6
  3578 | D:4      | Noticed Edmund
  3621 | D:4      | Killed Edmund
  3842 | D:4      | Found Mainete's General Store.
  3849 | D:4      | Reached skill level 1 in Maces & Flails
  3849 | D:4      | Found Vuefrein's Specific Store.
  3870 | D:4      | Bought a scroll of enchant armour for 97 gold pieces
  3870 | D:4      | Bought a potion of heal wounds for 65 gold pieces
  4021 | D:4      | Noticed Natasha
  4027 | D:4      | Killed Natasha
  4039 | D:4      | Noticed Natasha
  4042 | D:4      | Killed Natasha
  4051 | D:4      | Noticed Natasha
  4055 | D:4      | Killed Natasha
  4164 | D:5      | Entered Level 5 of the Dungeon
  4287 | D:5      | Reached XP level 8. HP: 45/73 MP: 7/7
  4480 | D:5      | Reached skill level 5 in Maces & Flails
  4498 | D:5      | Found Somnugh's Weapon Emporium.
  4702 | D:5      | Reached skill level 1 in Polearms
  5087 | D:5      | Noticed Dowan
  5087 | D:5      | Noticed Duvessa
  5093 | D:5      | Killed Dowan
  5096 | D:5      | Killed Duvessa
  5148 | D:6      | Reached *** piety under Trog
  5188 | D:6      | Found a staircase to the Ecumenical Temple.
  5267 | D:6      | Reached skill level 5 in Polearms
  5423 | D:6      | Found a runed translucent door.
  5423 | D:6      | Noticed coldfrog's ghost (novice DrVM)
  5473 | D:6      | Reached XP level 9. HP: 82/82 MP: 8/8
  5476 | D:6      | Killed coldfrog's ghost
  5484 | D:6      | Found a runed translucent door.
  5558 | D:6      | Identified the +8 plate armour "Ishruteh" {+Inv rElec Dex-3
                  | Stlth+}
  6088 | D:6      | Noticed Maggie
  6108 | D:6      | Killed Maggie
  6812 | D:6      | Found a runed translucent door.
  6813 | D:6      | Noticed Crazy Yiuf
  6819 | D:6      | Killed Crazy Yiuf
  6880 | D:7      | Reached skill level 10 in Fighting
  6982 | D:7      | Paralysed by a hornet for 1 turns
  7181 | D:7      | Reached skill level 5 in Armour
  7182 | D:7      | Reached XP level 10. HP: 78/94 MP: 9/9
  7676 | D:8      | Noticed a two-headed ogre
  7685 | D:8      | Killed a two-headed ogre
  7686 | D:8      | Reached skill level 10 in Polearms
  7895 | D:8      | Reached **** piety under Trog
  8436 | D:8      | You fall into a shaft and drop 3 floors!
  8640 | D:10     | Entered Level 10 of the Dungeon
  8691 | D:9      | Noticed a two-headed ogre
  8695 | D:9      | Killed a two-headed ogre
  8914 | D:8      | Found Qusew's Book Shoppe.
  8976 | D:8      | Reached XP level 11. HP: 96/103 MP: 10/10
  9363 | D:9      | Found a staircase to the Orcish Mines.
  9735 | D:10     | Reached ***** piety under Trog
  9913 | D:10     | Noticed a death yak
  9913 | D:10     | Noticed a death yak
  9936 | D:10     | Killed a death yak
  9939 | D:10     | Killed a death yak
  9939 | D:10     | Noticed a death yak
  9948 | D:10     | Killed a death yak
 10014 | D:10     | Found a staircase to the Lair.
 10182 | D:10     | Identified the +0 chain mail of Xom's Approval {rC+++ Str+3
                  | Dex+3 Stlth-}
 10276 | D:10     | Found a blossoming altar of Fedhas.
 11104 | D:12     | Found Zin's Purification Station.
 11104 | D:12     | Found a glowing silver altar of Zin.
 11466 | D:5      | Bought the +5 lochaber axe {reach-cleave, poleaxe} for 615
                  | gold pieces
 11466 | D:5      | Found the +5 lochaber axe {reach-cleave, poleaxe}
 11678 | D:12     | Noticed an eight-headed hydra
 11685 | D:12     | Killed an eight-headed hydra
 11933 | D:12     | Noticed Maurice
 11944 | D:12     | Killed Maurice
 12069 | D:12     | Noticed Gastronok
 12078 | D:12     | Killed Gastronok
 12079 | D:12     | Reached XP level 12. HP: 113/113 MP: 11/11
 12097 | D:12     | Received a gift from Trog
 12108 | D:12     | Noticed Frances
 12116 | D:12     | Killed Frances
 12429 | D:12     | Reached skill level 10 in Armour
 12700 | D:12     | HP: 5/115 [poisoned by something (dark miasma)]
 13130 | Lair:1   | Entered Level 1 of the Lair of Beasts
 13152 | Lair:1   | Reached skill level 15 in Polearms
 13441 | Lair:1   | Paralysed by a hornet for 1 turns
 14123 | Lair:2   | Found a hole to the Spider Nest.
 14217 | Lair:2   | Found a frozen archway.
 14303 | IceCv    | Entered an ice cave
 14664 | IceCv    | Noticed a reaper
 14678 | IceCv    | Killed a reaper
 14704 | IceCv    | Reached XP level 13. HP: 101/124 MP: 12/12
 15531 | Lair:3   | Found a staircase to the Shoals.
 15550 | Lair:3   | Received a gift from Trog
 15661 | Lair:3   | Noticed Josephine
 15668 | Lair:3   | Killed Josephine
 15702 | Lair:3   | Noticed Sonja
 15712 | Lair:3   | Killed Sonja
 16441 | Lair:4   | Reached skill level 15 in Fighting
 16450 | Lair:4   | Found a staircase to the Slime Pits.
 16499 | Lair:4   | Found a gate leading to a gauntlet.
 16567 | Gauntlet | Entered a Gauntlet
 16567 | Gauntlet | Found a transporter.
 16591 | Gauntlet | Found a transporter.
 16607 | Gauntlet | Found a transporter.
 16609 | Gauntlet | Noticed a quicksilver ooze
 16611 | Gauntlet | Found a transporter.
 16621 | Gauntlet | Found a transporter.
 16637 | Gauntlet | Found a transporter.
 16650 | Gauntlet | Found a transporter.
 16671 | Gauntlet | Found a transporter.
 16671 | Gauntlet | Found a transporter.
 16679 | Gauntlet | Found a transporter.
 16700 | Gauntlet | Found a transporter.
 16702 | Gauntlet | Found a transporter.
 16856 | Gauntlet | Identified the ring "Biuraix" {rPois rCorr AC+4 Int+4}
 17078 | Gauntlet | Identified the +5 ring mail "Nakheng" {rPois Str+3}
 17078 | Gauntlet | Noticed a minotaur
 17083 | Gauntlet | Killed a minotaur
 17924 | Lair:5   | Entered Level 5 of the Lair of Beasts
 18257 | Lair:5   | Reached XP level 14. HP: 135/135 MP: 13/13
 18331 | Lair:5   | Found a burning altar of Makhleb.
 18397 | Lair:5   | Found a gateway to Hell.
 19401 | Orc:1    | Entered Level 1 of the Orcish Mines
 19401 | Orc:1    | Found Xeoff's Jewellery Boutique.
 19512 | Orc:1    | Found Xuapie's Weapon Shoppe.
 19517 | Orc:1    | Found Jasox's Book Shop.
 19524 | Orc:1    | Found Xalua's Jewellery Shop.
 19552 | Orc:1    | Received a gift from Trog
 19553 | Orc:1    | Noticed Erica
 19561 | Orc:1    | Killed Erica
 19659 | Orc:1    | Found Vocokk's Antique Armour Emporium.
 19829 | Orc:2    | Entered Level 2 of the Orcish Mines
 19829 | Orc:2    | Found a staircase to the Elven Halls.
 19990 | Orc:2    | Found Haghi's Antique Weapon Emporium.
 19990 | Orc:2    | Found Pisegot's Magic Scroll Shop.
 19995 | Orc:2    | Reached XP level 15. HP: 105/146 MP: 14/14
 19997 | Orc:2    | Found Yntahumun's Antique Weapon Shop.
 19997 | Orc:2    | Found Voakak's Antique Armour Shoppe.
 20008 | Orc:2    | Bought a scroll of magic mapping for 82 gold pieces
 20277 | Orc:2    | Found a burning altar of Makhleb.
 20390 | Orc:2    | Paralysed by an orc sorcerer for 3 turns
 20757 | Spider:1 | Entered Level 1 of the Spider Nest
 20777 | Spider:1 | Received a gift from Trog
 21278 | Spider:1 | Reached skill level 15 in Armour
 21296 | Spider:1 | Reached skill level 1 in Evocations
 22520 | Spider:2 | Found a runed translucent gate.
 22520 | Spider:2 | Found a runed translucent gate.
 22520 | Spider:2 | Found a runed translucent gate.
 22521 | Spider:2 | Found the +7 sceptre of Torment {pain, torment}
 22529 | Spider:2 | Noticed Tegybos Rei's ghost (journeyman FeSu)
 22880 | Spider:2 | Identified a scroll of acquirement
 22912 | Spider:2 | Acquired a manual of Fighting
 23281 | Spider:2 | Received a gift from Trog
 23417 | Spider:2 | Reached XP level 16. HP: 144/157 MP: 15/15
 24760 | Spider:3 | Reached skill level 5 in Evocations
 25130 | Spider:4 | Entered Level 4 of the Spider Nest
 25148 | Spider:4 | Found a runed translucent door.
 25149 | Spider:4 | Noticed mortz's ghost (adept DgCj)
 25273 | Spider:4 | Killed mortz's ghost
 25392 | Spider:4 | Reached ****** piety under Trog
 25492 | Spider:4 | Received a gift from Trog
 25936 | Spider:4 | Identified the +1 pair of gloves "Houcw" {-Cast rElec Str+5
                  | Slay+3}
 25987 | Spider:4 | Got a gossamer rune of Zot
 26119 | Spider:4 | Reached XP level 17. HP: 160/170 MP: 16/16
 26539 | Shoals:1 | Entered Level 1 of the Shoals
 26690 | Orc:1    | Bought a ring of flight for 262 gold pieces
 26866 | Shoals:2 | Acquired a manual of Axes
 26915 | Shoals:1 | Received a gift from Trog
 27237 | Shoals:1 | Found a runed translucent door.
 27431 | Shoals:1 | Identified the ring of the Lotus Blossom {Fire rElec}
 27517 | Shoals:1 | Noticed a kraken
 27522 | Shoals:1 | Killed a kraken
 27629 | Shoals:2 | You are sucked into a shaft and drop 1 floor!
 27661 | Shoals:4 | Entered Level 4 of the Shoals
 27662 | Shoals:4 | Found Pedusma's Weapon Emporium.
 28267 | Shoals:3 | Received a gift from Trog
 28430 | Shoals:3 | Noticed a kraken
 28436 | Shoals:3 | Killed a kraken
 28880 | Shoals:3 | Noticed a kraken
 28881 | Shoals:3 | Reached skill level 5 in Dodging
 28881 | Shoals:3 | Reached XP level 18. HP: 182/182 MP: 17/17
 29282 | Shoals:3 | Identified the +5 quarterstaff of the Valley of Death
                  | {spect, rN++ Will++ Str-2}
 29715 | Shoals:4 | Reached XP level 19. HP: 190/190 MP: 18/18
 29800 | Shoals:4 | Received a gift from Trog
 29853 | Shoals:4 | Identified the ring of the Bedazzling Hero {*Corrode rN+
                  | Str+6 Int+2 Stlth+}
 30288 | Shoals:4 | Got a barnacled rune of Zot
 30920 | Shoals:2 | Found Raeckyez's Weapon Shoppe.
 30999 | Shoals:2 | Identified the +3 shortbow of Oenomania {speed, rElec
                  | rPois}
 32066 | D:13     | Found Coaffen's Firing Range.
 33011 | D:14     | Found a transporter.
 33021 | D:14     | Noticed Cown's ghost (journeyman TrHu)
 33123 | D:14     | Found a transporter.
 33480 | D:14     | Found a gate to the Vaults.
 33610 | D:14     | Received a gift from Trog
 33772 | D:15     | Entered Level 15 of the Dungeon
 34030 | D:15     | Identified the +3 broad axe of Makhleb's Esteem {freeze,
                  | Str+2}
 34104 | D:15     | Found a staircase to the Depths.
 34131 | D:15     | Found an ornate altar of the Wu Jian Council.
 34725 | Elf:1    | Entered Level 1 of the Elven Halls
 34729 | Elf:1    | Paralysed by an air elemental for 1 turns
 34734 | Elf:1    | Paralysed by an air elemental for 1 turns
 34755 | Elf:1    | Noticed Kirke
 34770 | Elf:1    | Killed Kirke
 34770 | Elf:1    | Received a gift from Trog
 34927 | Elf:1    | Found a flickering gateway to a bazaar.
 34938 | Bazaar   | Entered a bazaar
 34938 | Bazaar   | Found Atzall's Weapon Boutique.
 34938 | Bazaar   | Found Etunafyx's Armour Shop.
 34938 | Bazaar   | Found Meutsiats's Armour Shop.
 34956 | Bazaar   | Bought the +5 crystal plate armour of Gluttony {-Cast rPois
                  | Slay+3} for 1034 gold pieces
 35264 | Elf:1    | Identified the +5 mace "Boegh" {protect, rElec Str-5 Int+6}
 35530 | Elf:2    | Reached XP level 20. HP: 202/202 MP: 19/19
 35613 | Elf:2    | Found Atufram's Weapon Boutique.
 35629 | Elf:2    | Paralysed by an air elemental for 1 turns
 35665 | Elf:2    | Received a gift from Trog
 35770 | Elf:2    | Found Bestreag's Antique Armour Shoppe.
 35778 | Elf:2    | Bought a pair of embroidered boots for 217 gold pieces
 35783 | Elf:2    | Found Bikael's Weapon Shoppe.
 35841 | Elf:2    | Found a runed translucent gate.
 35842 | Elf:2    | Found a runed translucent gate.
 35842 | Elf:2    | Found a runed translucent gate.
 35866 | Elf:2    | Found Nisur's Weapon Emporium.
 36008 | Elf:2    | Found Rayc Cud's Assorted Antiques.
 36188 | Elf:2    | Reached skill level 10 in Evocations
 36222 | Elf:2    | Noticed Asterion
 36233 | Elf:2    | Killed Asterion
 36233 | Elf:2    | Received a gift from Trog
 36821 | Vaults:1 | Entered Level 1 of the Vaults
 37577 | Vaults:1 | Found Kulum's Armour Emporium.
 37578 | Vaults:1 | Found a gateway to a bazaar.
 37856 | Bazaar   | Entered a bazaar
 37871 | Bazaar   | Found Vumneres's Magic Scroll Shop.
 37900 | Bazaar   | Found Fuxzurch's Magic Scroll Shop.
 37935 | Bazaar   | Found Aceo's Distillery.
 37961 | Bazaar   | Found Moutsy's Distillery.
 37991 | Bazaar   | Bought a potion of haste for 90 gold pieces
 38006 | Bazaar   | Bought a scroll of magic mapping for 75 gold pieces
 38034 | Bazaar   | Bought 3 scrolls of blinking for 202 gold pieces
 38049 | Bazaar   | Bought a potion of curing for 36 gold pieces
 38049 | Bazaar   | Bought a potion of curing for 36 gold pieces
 38049 | Bazaar   | Bought a potion of curing for 36 gold pieces
 38069 | Bazaar   | Bought a potion of curing for 27 gold pieces
 38069 | Bazaar   | Bought a potion of heal wounds for 45 gold pieces
 38327 | Vaults:2 | Reached skill level 27 in Polearms
 38338 | Vaults:2 | Found a staircase to the Crypt.
 38519 | Vaults:2 | Paralysed by a great orb of eyes for 4 turns
 38533 | Vaults:2 | Reached skill level 10 in Dodging
 38583 | Vaults:2 | Received a gift from Trog
 39000 | Vaults:2 | Reached XP level 21. HP: 171/211 MP: 20/20
 39191 | Vaults:3 | Found Wiaqose's Assorted Antiques.
 39194 | Vaults:3 | Bought a potion of haste for 290 gold pieces
 39242 | Vaults:3 | You fall into a shaft and drop 1 floor!
 39346 | Vaults:3 | Reached skill level 10 in Axes
 39565 | Vaults:3 | Received a gift from Trog
 39870 | Vaults:3 | Received a gift from Trog
 40552 | Vaults:3 | Identified the +9 scale mail "Veotsiw" {rF- rCorr Int+4
                  | Stlth+}
 40650 | Vaults:4 | Received a gift from Trog
 40786 | Vaults:4 | Found a runed translucent gate.
 40786 | Vaults:4 | Found a runed translucent gate.
 40786 | Vaults:4 | Noticed Kare Xaoge's ghost (adept DgTm)
 40787 | Vaults:4 | Found a runed translucent gate.
 41347 | Vaults:4 | Reached XP level 22. HP: 222/222 MP: 21/21
 41668 | Vaults:4 | Noticed Zenata
 41685 | Vaults:4 | Killed Zenata
 41750 | Vaults:4 | Received a gift from Trog
 41751 | Vaults:4 | Killed Kare Xaoge's ghost
 42050 | Depths:1 | Entered Level 1 of the Depths
 42064 | Depths:1 | Found a one-way gate leading to the halls of Pandemonium.
 43281 | Depths:1 | Identified the +1 robe "Poim" {Slay+3}
 43377 | Depths:2 | Reached skill level 15 in Axes
 43393 | Depths:2 | Received a gift from Trog
 43610 | Depths:2 | Found a bloodstained altar of Trog.
 44012 | Depths:2 | Identified the +8 short sword "Kecuad Jor" {flame, rN+++
                  | Str-3 Int+6}
 44474 | Depths:2 | Identified the +7 morningstar of Jotrypiz {vorpal, MP+9
                  | Dex+2}
 44519 | Depths:2 | Noticed the Enchantress
 44542 | Depths:2 | Killed the Enchantress
 45737 | Depths:3 | Received a gift from Trog
 45900 | Depths:3 | Identified the ring of the Will of the Gods {rElec rPois
                  | rN+ Int+4 Dex+6}
 45944 | Depths:3 | Found a one-way gate to the infinite horrors of the Abyss.
 45971 | Depths:3 | Reached XP level 23. HP: 234/234 MP: 22/22
 46828 | Depths:3 | Received a gift from Trog
 46831 | Depths:3 | Paralysed by a vampire knight for 3 turns
 46936 | Depths:3 | Noticed a caustic shrike
 46947 | Depths:3 | Killed a caustic shrike
 47009 | Depths:3 | Identified the ring of Moodiness {rN+ Int-5 Slay+4}
 47114 | Depths:4 | Entered Level 4 of the Depths
 47298 | Depths:4 | Found a one-way gateway to a ziggurat.
 47315 | Depths:4 | Noticed a juggernaut
 47320 | Depths:4 | Killed a juggernaut
 47339 | Depths:4 | Found Xuapie's Weapon Boutique.
 47339 | Depths:4 | Found Eseimiz's Jewellery Shop.
 47343 | Depths:4 | Found Elaew's General Store.
 47627 | Depths:4 | Reached skill level 15 in Dodging
 48152 | Depths:3 | Noticed a juggernaut
 48164 | Depths:3 | Killed a juggernaut
 48173 | Depths:3 | Identified the +10 battleaxe "Killer Klown's Peril" {flame,
                  | rElec rN+ rCorr Dex+6} (Trog gifted it to you on level 3 of
                  | the Depths)
 48173 | Depths:3 | Received a gift from Trog
 48336 | Depths:4 | Identified the +4 dire flail of Xuotheusk {vorpal, rElec
                  | Will+ Int+2 Stlth-}
 48540 | Depths:4 | Found a gate to the Realm of Zot.
 48980 | Slime:1  | Entered Level 1 of the Pits of Slime
 49120 | Slime:5  | Entered Level 5 of the Pits of Slime
 49155 | Slime:5  | Reached XP level 24. HP: 219/245 MP: 22/22
 49215 | Slime:5  | Noticed the Royal Jelly
 49224 | Slime:5  | Killed the Royal Jelly
 49272 | Slime:5  | Gained mutation: You are somewhat resistant to further
                  | mutation. [a shining eye]
 49322 | Slime:5  | Identified the +0 robe "Cetwer" {rF+ Regen+ Dex+3}
 49373 | Slime:5  | Got a slimy rune of Zot
 49374 | Slime:5  | Identified the +2 glaive "Death Rattle" {freeze, Fragile
                  | rPois rN+ Dex+5}
 49384 | Slime:5  | Identified the +4 plate armour of the Rose {Harm Str+2
                  | Dex+5 Stlth-}
 49402 | Slime:5  | Acquired the ring "Kiqoqoapp" {rF+ Slay+4}
 49413 | Slime:5  | Identified the +5 broad axe "Ereg" {speed, rF+ SInv}
 49436 | Slime:5  | Identified the +4 scale mail "Coza" {+Blink rElec rN+
                  | Dex+2}
 49925 | Zot:1    | Entered Level 1 of the Realm of Zot
 50690 | Zot:1    | Received a gift from Trog
 50974 | Zot:1    | Reached skill level 15 in Evocations
 52518 | Zot:3    | Found a runed translucent door.
 52574 | Zot:3    | Noticed a Killer Klown
 52585 | Zot:3    | Killed a Killer Klown
 52595 | Zot:3    | Noticed Heisao's ghost (legendary TrBe)
 53546 | Zot:4    | Noticed an orb of fire
 53570 | Zot:4    | Killed an orb of fire
 53889 | Zot:4    | Reached XP level 25. HP: 249/255 MP: 3/22
 54556 | Zot:5    | Entered Level 5 of the Realm of Zot
 54801 | Zot:5    | Reached skill level 27 in Fighting
 55175 | Zot:5    | Reached skill level 1 in Unarmed Combat
 55234 | Zot:5    | Noticed a dread lich
 55244 | Zot:5    | Killed a dread lich
 55312 | Zot:5    | Noticed an orb of fire
 55314 | Zot:5    | Noticed a dread lich
 55317 | Zot:5    | Noticed a Killer Klown
 55317 | Zot:5    | Gained mutation: Your body sometimes deteriorates upon
                  | taking damage. [an orb of fire]
 55318 | Zot:5    | Noticed an ancient lich
 55320 | Zot:5    | Gained mutation: You are weak. (Str -2) [an orb of fire]
 55321 | Zot:5    | Gained mutation: Your spells are a little easier to cast,
                  | but a little less powerful. [an orb of fire]
 55333 | Zot:5    | Killed an orb of fire
 55341 | Zot:5    | Noticed an ancient lich
 55342 | Zot:5    | Killed an ancient lich
 55347 | Zot:5    | Killed a Killer Klown
 55367 | Zot:5    | Killed an ancient lich
 55600 | Zot:5    | Received a gift from Trog
 55744 | Zot:5    | Noticed an orb of fire
 55744 | Zot:5    | Noticed an ancient lich
 55748 | Zot:5    | Noticed a dread lich
 55753 | Zot:5    | Noticed an ancient lich
 55755 | Zot:5    | Killed an ancient lich
 55756 | Zot:5    | Reached skill level 5 in Unarmed Combat
 55757 | Zot:5    | Noticed a Killer Klown
 55758 | Zot:5    | Noticed an ancient lich
 55762 | Zot:5    | Killed a dread lich
 55770 | Zot:5    | Killed an ancient lich
 55772 | Zot:5    | Killed an ancient lich
 55775 | Zot:5    | Killed an orb of fire
 55775 | Zot:5    | Noticed a Killer Klown
 55796 | Zot:5    | Killed a Killer Klown
 55813 | Zot:5    | Killed a Killer Klown
 55815 | Zot:5    | Noticed a dread lich
 55987 | Zot:5    | Noticed a dread lich
 55994 | Zot:5    | Killed a dread lich
 56020 | Zot:5    | Killed a dread lich
 56021 | Zot:5    | Reached XP level 26. HP: 266/266 MP: 22/22
 56076 | Zot:5    | Got the Orb of Zot
 56110 | Zot:5    | Noticed Cavukeb the pandemonium lord
 56828 | D:$      | Escaped with the Orb!

Illustrated notes

Levels and vault maps discovered:
D:1:      dpeg_arrival_tiny_g, layout_loops_corners,
          dreamdust_ecumenical_altar_drowned_temple
D:2:      layout_loops_ring, minmay_quadrilaterals, uniq_jessica, uniq_terence
D:3:      layout_loops_ring, gammafunk_ghost_grave, grunt_decor_mini_mirrors,
          dk_vineyard_1
D:4:      layout_basic, nicolae_specific_store, uniq_edmund, uniq_eustachio,
          uniq_natasha, uniq_blork_the_orc
D:5:      layout_cave_pods, serial_shops, shop, kennysheep_potato, uniq_duvessa
D:6:      layout_layer_cave, minmay_temple_entry_trees, ebering_ghost_sewer_f,
          minmay_puff, uniq_maggie, uniq_crazy_yiuf_cottage
D:7:      layout_basic
D:8:      layout_loops_cross, serial_shops, shop, minmay_between
D:9:      layout_rooms, orc_0_dummy
D:10:     layout_loops_ring, mainiacjoe_overflow_small_starburst,
          dpeg_lair_monsters, serial_ice, serial_ice_i, serial_ice_e,
          serial_ice_n, serial_ice_d, serial_ice_f, serial_ice_c, serial_ice_b,
          serial_ice_a
D:11:     layout_roguey
D:12:     layout_stronghold, zin_purify, uniq_gastronok, uniq_frances,
          uniq_maurice
D:13:     layout_loops_corners, nicolae_shop_firing_range
D:14:     layout_gridville, david_vaults_4, gammafunk_ghost_mausoleum,
          minmay_misc_feat_pillars, minivault_21, bh_circular_ruins
D:15:     hangedman_depths_entry_try_elsewhere_first, layout_long_grid,
          serial_park_tiny_2, nicolae_wu_jian_immortal_techniques
Lair:1:   layout_gridlike, serial_forest, infiniplex_forest_fountain,
          infiniplex_forest_3_way, infiniplex_forest_straight_2,
          infiniplex_forest_end_2, infiniplex_forest_clump_small,
          infiniplex_forest_end_2, dreamdust_wasp_nest, lemuel_fruit_fields,
          serial_bayou_shore_b
Lair:2:   layout_regular_city, nicolae_spider_entry_non_spiders,
          portal_ice_cave_entry_imps, infiniplex_staircase_pool_2,
          grunt_megastairs_1
Lair:3:   layout_big_grid, minmay_shoals_entry_beasts, st_stairs_6,
          minivault_24, minivault_23, uniq_sonja, uniq_josephine
Lair:4:   layout_cave_pods, slime_entry_1, gauntlet_entry_generic
Lair:5:   evil_forest, layout_long_grid
Shoals:1: layout_shoals, lightli_airlock
Shoals:2: layout_shoals, serial_shops, nicolae_shop_behind_doors,
          nicolae_shoals_seven_spires
Shoals:3: layout_shoals, st_sunken_huts
Shoals:4: shoals_end_grunt_ice, layout_shoals, serial_shops,
          nicolae_shop_bloodbath_and_beyond
Spider:1: layout_spider_delve
Spider:2: layout_chambers, gammafunk_ghost_necromancy,
          hellmonk_watch_for_rolling_rocks
Spider:3: layout_spider_delve
Spider:4: grunt_spider_rune_circles, ebering_ghost_inner_flame
Slime:1:  layout_caves
Slime:2:  layout_caves
Slime:3:  layout_caves
Slime:4:  layout_caves, special_room [special_room_jelly], nicolae_slime_barrier
Slime:5
Orc:1:    layout_diamond_mine, serial_shops, nicolae_shop_stone, shop,
          nicolae_shop_stone, nicolae_shop_window_shopping, nicolae_shop_trees,
          uniq_erica
Orc:2:    st_orc_ogre_mass, layout_diamond_mine, bloody_makhleb
Elf:1:    nicolae_elf_arrival_aired_out, layout_rooms, serial_shops,
          bzr_entry_safe, minmay_elf_demonology, elves_outpost_lemuel,
          uniq_kirke
Elf:2:    nicolae_elf_blades_crystal_corner, layout_geoelf_diagonals,
          serial_shops, shop_coins, nicolae_shop_temple_entry_statues_fountains,
          shop_fountains, shop, shop, uniq_asterion
Vaults:1: ontoclasm_vaults_hangar, nicolae_vaults_theta, v_misc_1,
          nicolae_vaults_network_square, vaults_room_stairs_pillars,
          ontoclasm_vaults_fault, layout_vaults_omnigrid, serial_shops,
          bzr_entry_lakeside, nicolae_shop_behind_doors
Vaults:2: nicolae_vaults_network_quincunx
          [nicolae_vaults_network_quincunx_subvault,
          nicolae_vaults_network_quincunx_subvault,
          nicolae_vaults_network_quincunx_subvault,
          nicolae_vaults_network_quincunx_subvault,
          nicolae_vaults_network_quincunx_subvault],
          hangedman_vaults_stretched_pinwheel, v_alt_pattern_2,
          minmay_crypt_entry_simple_statues, v_alt_pattern_3, v_misc_29,
          nicolae_vaults_ninety_degrees, nicolae_vaults_little_squares_2,
          vaults_room_grunt_arrival_checkpoint, nicolae_vaults_little_squares_6,
          hangedman_vaults_nodes, serial_ice_m, ontoclasm_vaults_gateway,
          layout_vaults_maze_bifur
Vaults:3: hangedman_vaults_river_flow, nicolae_vaults_little_squares_2,
          nicolae_vaults_inception_scallops, nicolae_vaults_minivaults,
          nicolae_vaults_little_ls, grunt_vaults_swirl,
          vaults_mumra_minichess_inversion, v_misc_8, v_misc_9,
          nicolae_vaults_what_the_h, v_pattern_4,
          ontoclasm_vaults_loading_screen, ontoclasm_vaults_ligature,
          layout_vaults_big_cross, serial_shops, shop
Vaults:4: gammafunk_ghost_split, nicolae_vaults_theta, ontoclasm_vaults_hangar,
          hangedman_vaults_pinch, hangedman_vaults_impose, vaults_dpeg_hooks,
          nicolae_vaults_border_crossing, v_alt_pattern_3,
          nicolae_vaults_windows_and_doors_thing,
          nicolae_vaults_little_squares_4, nicolae_vaults_holding_cells,
          nicolae_vaults_little_squares_4, ontoclasm_vaults_pinch, v_misc_14,
          nicolae_vaults_little_squares_4, layout_vaults_ring, uniq_zenata
Depths:1: layout_gridlike, lightli_too_deep, pan_entry, serial_bayou_pond_c,
          nrook_uturn, minmay_evil_grid
Depths:2: spriggan_forest, hell_entry, pan_entry
Depths:3: minmay_nested_s, layout_basic, hangedman_decor_clover_reticule,
          grunt_pan_entry_sceptre, hell_entry, hangedman_abyss_entry_splay,
          minmay_serpent_palace
Depths:4: evilmike_zot_entry_gauntlet, layout_cave_pools, enter_ziggurat_b,
          abyss_entry_crystal, grunt_hell_entry_dis_grunt, minmay_shop_star
Zot:1:    kennysheep_spiral_hall, layout_concentric_octagons
Zot:2:    layout_concentric_octagons, grunt_ministairs_3
Zot:3:    layout_basic, hellmonk_ghost_happy_afterlife
Zot:4:    layout_basic, zot_minivault_1
Zot:5:    layout_concentric_octagons, st_stairs_13

Skill      XL: |  1  2  3  4  5  6  7  8  9 10 11 12 13 14 15 16 17 18 19 20 21 22 23 24 25 26 |
---------------+-------------------------------------------------------------------------------+-----
Axes           | 4 5 6 7 8 9 13 16 19 20 | 20.0
Fighting       | 4 5 6 7 8 10 11 12 14 15 16 18 19 21 22 23 24 25 26 27 | 27.0
Maces & Flails | 4 5 |  5.8
Polearms       | 5 9 11 14 16 18 20 22 23 24 25 26 27 | 27.0
Armour         | 5 7 9 11 13 14 15 17 18 19 21 22 23 25 | 25.3
Evocations     | 4 6 8 9 11 12 13 14 15 17 | 17.1
Dodging        | 5 8 10 12 13 15 16 18 | 18.7
Unarmed Combat | 6 7 |  7.1

Action                   |  1- 3 |  4- 6 |  7- 9 | 10-12 | 13-15 | 16-18 | 19-21 | 22-24 | 25-27 || total
-------------------------+-------+-------+-------+-------+-------+-------+-------+-------+-------++-------
Melee: Hand axe          |    58 |   111 |    30 |       |       |       |       |       |       ||   199
       Headbutt          |     4 |    11 |    42 |    69 |   116 |    81 |   183 |   258 |    84 ||   848
       Punch             |       |     1 |       |       |       |       |       |       |       ||     1
       Dire flail        |       |       |   216 |   302 |    13 |       |       |       |       ||   531
       Battleaxe         |       |       |       |    11 |       |       |       |       |       ||    11
       Lochaber axe      |       |       |       |   161 |   642 |   644 |  1050 |  1225 |   376 ||  4098
       Executioner's axe |       |       |       |     6 |       |       |       |       |       ||     6
       Great mace        |       |       |       |       |    34 |       |       |       |       ||    34
       Quarterstaff      |       |       |       |       |       |       |     4 |       |       ||     4
Throw: Dart              |       |       |       |       |     1 |       |       |       |       ||     1
Invok: Berserk           |     1 |     4 |     9 |    12 |    12 |     5 |     8 |    18 |     1 ||    70
       Trog's Hand       |       |       |     1 |     1 |     3 |     1 |     6 |    10 |     2 ||    24
       Brothers in Arms  |       |       |       |     1 |     3 |     2 |     4 |    11 |     2 ||    23
Evoke: Wand              |       |       |       |     6 |       |       |       |     1 |     2 ||     9
       Phantom mirror    |       |       |       |       |       |       |       |       |     2 ||     2
       Phial of floods   |       |       |       |       |       |       |       |       |     1 ||     1
  Use: Scroll            |       |     5 |       |    18 |    11 |     4 |     2 |    15 |    19 ||    74
       Potion            |       |       |     4 |     1 |     1 |     2 |     2 |     3 |    17 ||    30
 Stab: Sleeping          |     2 |       |       |       |       |       |       |       |       ||     2
       Distracted        |       |       |       |       |       |     1 |     2 |     6 |     2 ||    11
Armor: Animal skin       |     9 |       |       |       |       |       |       |       |       ||     9
       Ring mail         |       |    34 |     2 |       |       |       |       |       |       ||    36
       Chain mail        |       |       |    55 |       |       |       |       |       |       ||    55
       Plate armour      |       |       |    41 |   333 |   492 |   478 |   155 |       |       ||  1499
       Crystal plate arm |       |       |       |       |       |       |   283 |   293 |       ||   576
       Gold dragon scale |       |       |       |       |       |       |       |   281 |   211 ||   492
Dodge: Dodged            |    28 |    55 |    84 |   200 |   233 |   182 |   202 |   384 |   121 ||  1489
Block: Other             |       |       |       |       |    85 |   105 |    27 |       |       ||   217
       Reflection        |       |       |       |       |     6 |    11 |     2 |       |       ||    19
